Map: Blackburn LE

Players

MaSa

  • Race: Terran Terran

Namshar - Winner!

  • Race: Zerg Zerg
  • League: Master

Event: DreamHack SC2 Masters 2021 Summer

VOD

Have the link to the VOD?

Description

Time

  • Played on: May 28, 2021, 5:13 p.m.
  • Length: 15:57

All games in this series

Show
View Real Time Build Order
Export as new Build Order

MaSa Terran 

Build Orders: Hellion Banshee 

Get SALT Encoding   

  12  0:00  SCV  
  13  0:12  SCV  
  14  0:17  Supply Depot  
  14  0:24  SCV  
  15  0:38  SCV  
  15  0:40  Barracks  
  16  0:43  Refinery  
  16  0:50  SCV  
  17  1:03  SCV  
  18  1:15  SCV  
  19  1:26  Marine  
  19  1:27  Orbital Command  
  20  1:40  Command Center  
  20  1:44  Marine  
  21  1:51  Supply Depot  
  21  1:54  SCV  
  22  2:06  Factory  
  22  2:09  Barracks Reactor  
  22  2:12  SCV  
  23  2:19  Refinery  
  23  2:26  SCV  
  24  2:38  SCV  
  25  2:50  SCV  
  26  2:51  Starport  
  26  2:53  Orbital Command  
  30  2:58  Barracks Tech Lab, Hellion x2  
  30  3:02  SCV  
  31  3:14  SCV  
  37  3:20  SCV, Hellion x2  
  37  3:26  SCV  
  38  3:30  Supply Depot  
  38  3:32  SCV  
  39  3:35  Banshee  
  39  3:36  Cloaking Field  
  39  3:39  Barracks Tech Lab  
  43  3:41  SCV  
  43  3:45  Hellion  
  45  3:49  SCV  
  45  3:52  Hellion  
  45  3:53  SCV  
  49  3:56  Supply Depot  
  49  4:01  SCV  
  49  4:02  Marine  
  50  4:04  Stimpack  
  50  4:05  SCV  
  52  4:13  SCV  
  53  4:17  SCV  
  53  4:18  Banshee  
  53  4:22  Marine  
  58  4:25  SCV  
  58  4:29  SCV  
  58  4:31  Factory Reactor  
  60  4:36  Command Center  
  60  4:38  SCV  
  61  4:43  SCV  
  62  4:48  Marine, Supply Depot  
  62  4:50  SCV  
  62  5:01  Barracks  
  62  5:03  Barracks  
  62  5:10  SCV x2, Engineering Bay  
  62  5:12  Engineering Bay  
  64  5:14  Marine  
  64  5:16  Starport Reactor  
  65  5:22  SCV x2  
  65  5:24  Refinery  
  67  5:29  Refinery  
  67  5:30  Supply Depot  
  67  5:32  Marine  
  67  5:34  SCV x2  
  70  5:38  Terran Infantry Weapons Level 1  
  70  5:40  Terran Infantry Armor Level 1  
  70  5:45  Combat Shield  
  70  5:48  SCV x2, Siege Tank  
  70  5:49  Marine x2  
  77  5:53  Marine  
  77  5:55  Orbital Command  
  78  6:00  SCV x2, Marine x2  
  82  6:07  Marine x2  
  82  6:08  Medivac  
  86  6:12  SCV x2  
  86  6:14  Marine  
  86  6:16  Barracks  
  54  6:18  Orbital Command  
  89  6:19  Marine  
  89  6:21  Barracks  
  91  6:25  SCV x2  
  91  6:27  Supply Depot  
  91  6:29  Supply Depot  
  92  6:35  Marine  
  93  6:41  Supply Depot  
  93  6:44  Armory  
  93  6:48  SCV x3  
  93  6:49  Siege Tank  
  96  6:56  Marine x3  
  96  7:00  SCV  
  98  7:04  Marine  
  98  7:06  Barracks Reactor  
  98  7:07  Medivac x2  
  103  7:09  SCV  
  103  7:12  SCV x2  
  103  7:15  Marine x2  
  107  7:28  Marine x4  
  110  7:30  Siege Tank  
  110  7:32  Orbital Command  
  110  7:33  Marine  
  110  7:37  Medivac x2  
  111  7:42  Marine x3  
  107  7:46  Marauder, Marine x2  
  107  7:50  SCV x2  
  109  7:57  SCV  
  110  8:01  Barracks Tech Lab  
  110  8:02  SCV x2  
  110  8:04  Barracks  
  110  8:05  Barracks  
  110  8:07  Medivac x2  
  114  8:20  Siege Tank  
  114  8:24  Terran Infantry Weapons Level 2  
  113  8:29  SCV x2  
  113  8:32  Terran Infantry Armor Level 2  
  113  8:33  Barracks, Supply Depot x2  
  115  8:34  Supply Depot  
  115  8:35  Marauder, Marine x2  
  115  8:36  Marine  
  115  8:41  SCV  
  117  8:44  Orbital Command  
  117  8:50  Marine  
  117  8:52  SCV, Marine  
  117  8:54  Marine x4, Medivac  
  117  8:55  Marauder, Marine x2  
  127  8:57  Marauder  
  127  8:58  SCV  
  127  9:01  Siege Tank  
  129  9:08  Marine  
  130  9:10  SCV, Marine  
  130  9:11  SCV  
  130  9:12  Marine x4  
  130  9:13  Marine x2  
  130  9:16  Marauder  
  138  9:18  Orbital Command, Marine  
  138  9:19  Marine  
  131  9:24  SCV x2  
  131  9:26  Marine  
  131  9:28  Marine  
  131  9:30  Marine x3  
  127  9:36  SCV, Marauder  
  127  9:37  Concussive Shells  
  127  9:38  Marauder  
  125  9:39  Marine x3  
  125  9:40  SCV  
  125  9:45  SCV  
  116  9:49  Marine x2  
  116  9:50  Marine x2  
  114  9:53  SCV  
  114  9:54  SCV  
  114  9:57  SCV, Marauder  
  114  9:59  Marauder  
  121  10:03  Liberator  
  120  10:10  Marine  
  110  10:15  Marine  
  110  10:19  Marauder  
  110  10:20  SCV, Marauder  
  104  10:24  SCV x2  
  106  10:30  Marine x2  
  106  10:32  SCV  
  102  10:37  Marine x2  
  102  10:38  Marine x3  
  102  10:39  SCV  
  102  10:40  Marauder  
  102  10:42  SCV  
  111  10:45  Liberator  
  111  10:48  SCV  
  115  10:53  SCV  
  115  10:54  SCV  
  115  10:55  Marauder  
  116  10:59  Marine  
  116  11:00  SCV  
  116  11:01  Marauder  
  118  11:10  Marine x2, Liberator  
  119  11:17  Siege Tank  
  116  11:20  SCV x2  
  117  11:26  Marauder, Marine x2  
  117  11:28  Marine, Liberator  
  117  11:29  Marine  
  117  11:32  Marine x3  
  129  11:45  Marine x3  
  129  11:46  Marauder, Marine x2  
  134  11:50  SCV, Supply Depot x2, Marine x2, Siege Tank  
  134  11:53  Liberator  
  140  11:55  Terran Infantry Armor Level 3  
  140  11:59  Marauder  
  140  12:01  Marine x2  
  141  12:05  SCV x2  
  141  12:06  SCV  
  130  12:09  Marine  
  130  12:10  Marauder  
  122  12:17  SCV  
  122  12:18  SCV  
  122  12:21  Marauder  
  124  12:25  SCV  
  122  12:30  SCV  
  122  12:35  Terran Infantry Weapons Level 3  
  122  12:36  Marine  
  125  12:39  SCV  
  125  12:40  SCV  
  128  12:47  Siege Tank  
  128  12:48  SCV  
  124  12:56  Marine  
  122  12:58  Marine  
  122  13:02  Command Center  
  123  13:11  Marauder, Marine x5  
  123  13:12  Marine  
  128  13:16  SCV x2  
  128  13:17  SCV  
  128  13:18  Marine x2  
  128  13:19  Siege Tank  
  133  13:21  Medivac  
  133  13:22  Marine  
  134  13:28  SCV  
  134  13:29  Liberator  
  134  13:31  Marauder, Marine  
  141  13:36  Marine  
  141  13:37  Marauder  
  144  13:47  Marine  
  145  13:51  SCV x3, Siege Tank  
  145  13:53  Marauder  
  153  14:03  Supply Depot  
  153  14:04  Marauder, Supply Depot x2  
  155  14:12  Marine x2  
  155  14:14  Marauder  
  155  14:23  Siege Tank  
  155  14:26  Marauder  
  155  14:30  Marine  
  155  14:36  Marauder  
  155  14:38  SCV x2  
  154  14:47  Marauder, Marine  
  154  14:50  SCV  
  152  14:55  Siege Tank  
  152  14:57  Marauder  
  132  15:01  Orbital Command  
  119  15:07  Medivac x2  
  119  15:08  SCV x3  
  126  15:20  SCV  
  124  15:25  Marauder, Marine, Supply Depot  
  124  15:26  Missile Turret, Supply Depot  
  130  15:33  SCV  
  131  15:38  Marine  
  131  15:39  Marine  
  131  15:41  Missile Turret  
  140  15:45  Sensor Tower  
Show
View Real Time Build Order
Export as new Build Order

Namshar Zerg - Winner!

Build Orders: Hatch First, Lurkers 

Get SALT Encoding   

  12  0:00  Drone  
  13  0:12  Overlord  
  13  0:16  Drone  
  14  0:30  Drone x2  
  16  0:48  Hatchery  
  15  0:51  Drone  
  15  0:54  Drone  
  17  0:58  Drone  
  18  1:08  Extractor  
  17  1:14  Spawning Pool  
  17  1:17  Drone  
  17  1:20  Drone  
  18  1:27  Drone  
  19  1:39  Drone  
  20  1:49  Drone  
  21  2:01  Queen x2  
  21  2:02  Zergling x4  
  27  2:15  Hatchery  
  26  2:19  Overlord  
  26  2:23  Drone  
  26  2:25  Drone  
  28  2:33  Metabolic Boost  
  28  2:38  Drone  
  28  2:39  Drone x2  
  31  2:46  Drone  
  31  2:48  Overlord  
  32  2:53  Queen  
  32  2:57  Drone  
  35  3:02  Drone  
  36  3:09  Drone x2  
  36  3:12  Drone x3  
  41  3:16  Queen  
  41  3:19  Drone  
  44  3:22  Overlord  
  44  3:28  Queen  
  46  3:35  Drone x3  
  46  3:41  Drone x3  
  50  3:45  Overlord  
  50  3:47  Drone x2  
  50  3:48  Drone  
  55  3:56  Drone x2  
  57  4:03  Queen  
  57  4:04  Zergling x4  
  61  4:10  Overlord x2  
  61  4:11  Overlord  
  61  4:16  Drone x3  
  61  4:17  Drone  
  65  4:22  Overlord  
  65  4:23  Lair  
  65  4:29  Zergling x4  
  65  4:30  Zergling x8  
  71  4:31  Queen  
  71  4:35  Spore Crawler  
  71  4:37  Spore Crawler  
  71  4:38  Spore Crawler  
  70  4:45  Drone x6  
  76  4:50  Drone  
  76  4:51  Drone x2  
  78  4:54  Overlord  
  78  4:55  Drone x3  
  78  4:57  Extractor x2  
  78  4:58  Drone  
  80  5:00  Extractor  
  80  5:04  Drone  
  80  5:10  Drone x3, Roach Warren  
  80  5:11  Evolution Chamber  
  80  5:12  Evolution Chamber  
  80  5:15  Drone  
  80  5:18  Extractor, Drone  
  80  5:19  Drone  
  80  5:20  Extractor  
  81  5:26  Overseer  
  81  5:29  Drone  
  81  5:30  Drone x6  
  88  5:36  Overlord  
  88  5:37  Drone  
  89  5:48  Zerg Missile Weapons Level 1, Zerg Ground Armor Level 1, Overlord x2  
  89  5:52  Spore Crawler  
  89  5:58  Drone  
  90  6:06  Spore Crawler  
  90  6:07  Overlord x2  
  90  6:08  Glial Reconstitution  
  90  6:16  Drone x2  
  91  6:21  Hatchery  
  91  6:22  Overlord x2  
  91  6:24  Roach x10  
  110  6:33  Overlord x2  
  110  6:46  Roach x8  
  125  7:01  Roach x5  
  125  7:05  Ravager x4  
  137  7:11  Roach x9  
  155  7:21  Overlord x3  
  153  7:34  Roach x4  
  161  7:40  Roach  
  145  7:44  Roach x3  
  145  7:49  Queen  
  143  7:52  Roach x9  
  158  8:02  Roach x3  
  158  8:20  Overseer  
  158  8:21  Roach x12  
  158  8:24  Ravager  
  158  8:25  Overlord x3  
  158  8:26  Zerg Ground Armor Level 2, Zerg Missile Weapons Level 2  
  183  8:28  Extractor  
  183  8:32  Ravager  
  183  8:36  Hatchery  
  178  8:46  Drone  
  178  8:47  Drone x3  
  182  9:00  Ravager  
  182  9:01  Ravager x2  
  183  9:07  Roach x10  
  200  9:14  Infestation Pit  
  200  9:16  Hydralisk Den  
  184  9:31  Roach x12  
  195  9:40  Roach  
  195  9:41  Roach x9  
  188  9:48  Roach x8  
  188  9:52  Overseer  
  188  9:57  Drone x7  
  188  9:58  Drone  
  194  10:05  Extractor x2  
  194  10:06  Hive  
  164  10:17  Roach  
  164  10:18  Roach x9  
  155  10:22  Roach  
  150  10:29  Ravager  
  150  10:31  Grooved Spines  
  142  10:36  Drone x2  
  144  10:43  Lurker Den  
  144  10:44  Roach  
  144  10:45  Roach x11  
  169  10:50  Roach x5  
  175  11:01  Roach x7  
  183  11:07  Drone x3  
  183  11:08  Drone  
  183  11:13  Queen x2  
  183  11:15  Drone  
  183  11:16  Drone  
  183  11:24  Ravager x2  
  183  11:25  Ravager x2  
  187  11:26  Ravager x2  
  187  11:28  Spore Crawler  
  187  11:29  Pneumatized Carapace  
  187  11:31  Zerg Missile Weapons Level 3  
  186  11:34  Drone x3  
  186  11:39  Roach x7  
  192  11:49  Drone x2  
  189  11:54  Zerg Ground Armor Level 3  
  189  11:56  Muscular Augments  
  177  12:11  Roach  
  177  12:12  Roach x11  
  179  12:18  Seismic Spines  
  167  12:28  Queen x2  
  168  12:35  Hydralisk x4  
  178  12:40  Drone  
  179  12:45  Ravager x4  
  174  12:51  Hydralisk  
  174  12:52  Hydralisk x4  
  182  13:09  Drone x4  
  182  13:11  Hydralisk  
  182  13:12  Hydralisk x5  
  185  13:27  Adaptive Talons  
  185  13:29  Tunneling Claws  
  185  13:30  Burrow  
  185  13:34  Lurker x3  
  186  13:37  Queen x2  
  190  13:43  Overlord x2  
  190  13:46  Lurker x3  
  190  13:47  Overlord  
  190  13:48  Overlord  
  191  13:51  Drone  
  183  14:20  Hatchery  
  183  14:23  Hydralisk x11  
  192  14:51  Hydralisk x6  
  200  14:59  Hydralisk x6  
  196  15:07  Hydralisk x2  
  184  15:12  Lurker x5  
  193  15:15  Queen  
  195  15:25  Roach x14  
  195  15:30  Lurker x4  
  195  15:33  Hatchery  
Tags
 
Add a new tag
Caveats
  • Supply blocks, unpowered buildings, or Contaminate may cause inaccurate times.
  • Supply counts are checked every 10 seconds.